 Dungeon Crawl Stone Soup version 0.30.0-17-ge0270778cf (webtiles) character file.

Game seed: 2528980538453776225

3929 cheesebisquit the Scholar of Death (level 10, 0/82 (96) HPs)
             Began as an Ogre Necromancer on May 22, 2023.
             Was a Follower of Kikubaaqudgha.
             Slain by a death yak (17 damage)
             ... on level 7 of the Dungeon.
             The game lasted 00:52:40 (11902 turns).

cheesebisquit the Scholar of Death (OgNe)          Turns: 11902, Time: 00:52:40

HP:   0/82 (96)     AC:  3    Str: 14    XL:     10   Next: 21%
MP:   24/26         EV:  9    Int: 20    God:    Kikubaaqudgha [*.....]
Gold: 480           SH:  0    Dex:  9    Spells: 0/19 levels left

rFire   . . .        u - +3 morningstar (protect)
rCold   . . .        (no shield)
rNeg    + . .        a - +0 robe
rPois   .            (helmet restricted)
rElec   .            (no cloak)
rCorr   .            (gloves unavailable)
SInv    .            (boots unavailable)
Will    +....        (no amulet)
Stlth   +++          m - ring of magical power
HPRegen 0.33/turn    e - ring of positive energy
MPRegen 0.20/turn

%: no passive effects
@: on blink cooldown, heavily drained
A: large, unfitting armour, tough skin 1
a: Renounce Religion, Unearth Wretches


You were on level 7 of the Dungeon.
You worshipped Kikubaaqudgha.
Kikubaaqudgha was aware of your devotion.
You visited 2 branches of the dungeon, and saw 9 of its levels.

You collected 510 gold pieces.
You spent 30 gold pieces at shops.

Inventory:

Hand Weapons
 o - a +0 bardiche
 u - a +3 morningstar of protection (weapon)
 F - a +3 spear of freezing
Missiles
 d - 4 curare-tipped darts
 l - a throwing net
 y - 3 atropa-tipped darts
 D - 7 poisoned darts
Armour
 a - a +0 robe (worn)
Jewellery
 e - a ring of positive energy (right hand)
 m - a ring of magical power (left hand)
 t - an amulet of faith
Wands
 s - a wand of paralysis (4)
Scrolls
 f - a scroll of blinking {unknown}
 h - a scroll of amnesia {unknown}
 i - a scroll of fear {unknown}
 k - a scroll of magic mapping {unknown}
 w - 2 scrolls of poison
 x - a scroll of noise
 B - a scroll of immolation {unknown}
 C - a scroll of vulnerability {unknown}
Potions
 b - 2 potions of flight {unknown}
 c - a potion of lignification {unknown}
 g - 3 potions of curing
 j - 4 potions of degeneration
 n - 3 potions of mutation
 q - a potion of magic
 r - 2 potions of brilliance
 A - a potion of ambrosia {unknown}


   Skills:
 - Level 5.0 Fighting
 - Level 5.0 Maces & Flails
 - Level 1.7 Dodging
 - Level 5.0 Stealth
 - Level 5.0 Spellcasting
 - Level 7.3 Necromancy
 + Level 0.0 Translocations
 - Level 5.0 Air Magic
 - Level 5.0 Poison Magic


You couldn't memorise any spells.
You knew the following spells:

 Your Spells              Type           Power      Damage    Failure   Level
a - Necrotise             Necr           100%       1d9       1%          1
b - Vampiric Draining     Necr           34%        2d8       1%          3
c - Cigotuvi's Dreadful   Necr/Pois/Air  56%        N/A       1%          2
d - Animate Dead          Necr           34%        N/A       6%          4
e - Agony                 Necr           34%        N/A       16%         5
f - Sublimation of Blood  Necr           34%        N/A       1%          2
z - Blink                 Tloc           10%        N/A       17%         2

Your spell library contained the following spells:

 Spells                   Type           Power      Damage    Failure   Level
 Freeze                   Ice            20%        1d4       12%         1
 Ensorcelled Hibernation  Hex/Ice        10%        N/A       17%         2
 Lesser Beckoning         Tloc           10%        N/A       17%         2
 Momentum Strike          Conj/Tloc      10%        3d8       17%         2
 Ignite Poison            Fire/Tmut/Pois 11%        N/A       19%         3
 Stone Arrow              Conj/Erth      10%        3d7       34%         3
 Volatile Blastmotes      Fire/Tloc      10%        2d10      34%         3
 Fulminant Prism          Conj/Hex       2%         3d5       75%         4
 Iskenderun's Mystic Bla  Conj/Tloc      5%         2d3       75%         4
 Freezing Cloud           Conj/Ice/Air   5%         6-21      86%         5
 Lee's Rapid Deconstruct  Erth           2%         3d5*      97%         5


Dungeon Overview and Level Annotations

Branches:
Dungeon (8/15)             Temple (1/1) D:6            Lair (0/5) D:8

Altars:
Cheibriados
Dithmenos
Elyvilon
Gozag
Hepliaklqana
Kikubaaqudgha
Makhleb
Nemelex Xobeh
Okawaru
Sif Muna
Uskayaw
Vehumet
Wu Jian
Xom
Yredelemnul
Zin
The Shining One

Shops:
D:1 =   D:7 ?

Annotations:
D:1 exclusion: downstairs
D:3 1 runed translucent door, Crazy Yiuf
D:6 1 runed translucent door


Innate Abilities, Weirdness & Mutations

You are too large for most types of armour.
You have tough skin. (AC +1)


Message History

Level annotation: 1 runed translucent door
There is a stone staircase leading down, spattered with blood here.
You start resting.
HP restored.
There is an open door here.
Things that are here:
a +0 robe; a +4 dire flail
There is a stone staircase leading down here.
You climb downwards.
There is a stone staircase leading up here.
You see here a +2 long sword of electrocution.
The death yak bellows!
There is a stone staircase leading down here.
You climb downwards.
The death yak gores you!!
There is a stone staircase leading up, spattered with blood here.
The death yak barely misses you.
You climb upwards.
There is a stone staircase leading down here.
Casting: Blink (safe; 17% risk of failure)
Confirm with . or Enter, or press ? or * to list all spells.
Aiming: Vampiric Draining (safe; 1% risk of failure)
Press: ? - help, Shift-Dir - straight line, f - death yak
Aim: a death yak
Okay, then.
Casting: Vampiric Draining (safe; 1% risk of failure)
Confirm with . or Enter, or press ? or * to list all spells.
You blink.
As you read the scroll of fog, it crumbles to dust.
The scroll dissolves into smoke.
You feel stable enough to blink again. The death yak completely misses you.
Casting: Blink (safe; 17% risk of failure)
Confirm with . or Enter, or press ? or * to list all spells.
You blink.
The death yak gores you! The death yak gores you!! The death yak gores you!
* * * LOW HITPOINT WARNING * * *
The death yak attacks as you move away! The death yak gores you!
You die...
Kikubaaqudgha rasps: "You have failed me!
Welcome... death!"

###.#......##.#
###.Y.###.(##.#
..)....[......#
#####.....###.#
#######.#.#####
..............#
##########....########
###.....Y...# ####
#>#..@....# ...#
#..∩..Y...# ...#
##....§§§§# ...#
##.§§§§§§# ...#
#.§§§§§§# ...#
#....§§§# ...#
######### ####


You could see 2 death yaks.

Vanquished Creatures
  A death yak (D:7)
  Sigmund (D:2)
  Eustachio (D:5)
  A steam dragon (D:7)
  Menkaure (D:5)
  3 orc warriors
  4 ice beasts
  A sky beast (D:7)
  3 ogres
  2 centaurs
  4 phantoms
  A gnoll sergeant (D:8)
  2 bullfrogs
  3 wights (D:6)
  2 electric eels (D:8)
  A howler monkey (D:5)
  A crimson imp (D:7)
  A jelly (D:5)
  A gnoll bouda (D:7)
  4 orc priests
  A hound (D:6)
  A sleepcap (D:5)
  4 iguanas
  Ijyb (D:3)
  7 orc wizards
  6 gnolls
  6 adders
  3 worms
  4 dart slugs
  26 orcs
  5 endoplasms
  3 giant cockroaches
  3 goblins
  3 hobgoblins (D:1)
  5 jackals (D:1)
  3 quokkas
  13 ball pythons
  3 bats
  6 frilled lizards
  4 kobolds
  6 rats
151 creatures vanquished.

Vanquished Creatures (collateral kills)
  A scorpion (D:5)
  A jelly (D:6)
  2 gnolls (D:7)
  2 orcs (D:3)
  A hobgoblin (D:1)
  A ball python (D:1)
  A goblin (D:1)
  A rat (D:1)
10 creatures vanquished.

Grand Total: 161 creatures vanquished

Notes
Turn   | Place    | Note
-------+----------+-------------------------------------------
     0 | D:1      | cheesebisquit the Ogre Necromancer began the quest for the
                  | Orb.
     0 | D:1      | Reached XP level 1. HP: 16/16 MP: 3/3
   188 | D:1      | Reached skill level 4 in Necromancy
   188 | D:1      | Reached XP level 2. HP: 16/24 MP: 0/5
   553 | D:1      | Reached XP level 3. HP: 31/31 MP: 4/6
   633 | D:1      | Found Fiuhut's Jewellery Emporium.
   735 | D:1      | Found a faded altar of an unknown god.
  1104 | D:2      | Noticed Sigmund
  1268 | D:2      | Learned a level 3 spell: Vampiric Draining
  1817 | D:2      | Reached skill level 5 in Necromancy
  1830 | D:2      | Reached XP level 4. HP: 39/39 MP: 7/7
  2025 | D:2      | Reached skill level 1 in Fighting
  2263 | D:2      | Killed Sigmund
  2264 | D:2      | Reached skill level 5 in Fighting
  2264 | D:2      | Reached XP level 5. HP: 23/57 MP: 8/8
  2264 | D:2      | Reached XP level 6. HP: 26/66 MP: 9/9
  2547 | D:3      | Noticed Ijyb
  2551 | D:3      | Killed Ijyb
  2689 | D:3      | Found a sparkling altar of Nemelex Xobeh.
  2689 | D:3      | Found an iron altar of Okawaru.
  3242 | D:3      | Found a runed translucent door.
  3243 | D:3      | Noticed Crazy Yiuf
  4019 | D:4      | Reached XP level 7. HP: 64/72 MP: 10/10
  4311 | D:5      | Entered Level 5 of the Dungeon
  4379 | D:5      | Reached skill level 5 in Stealth
  4379 | D:5      | Reached skill level 1 in Maces & Flails
  4671 | D:5      | Reached XP level 8. HP: 80/80 MP: 11/11
  4755 | D:5      | Noticed Eustachio
  4774 | D:5      | Killed Eustachio
  4952 | D:5      | Noticed Menkaure
  4972 | D:5      | Killed Menkaure
  4973 | D:5      | Reached skill level 5 in Maces & Flails
  4976 | D:5      | Learned a level 2 spell: Cigotuvi's Dreadful Rot
  4981 | D:5      | Learned a level 4 spell: Animate Dead
  5681 | D:6      | You fall into a shaft and drop 1 floor!
  5735 | D:6      | Found a shimmering blue altar of Sif Muna.
  5745 | D:6      | Learned a level 5 spell: Agony
  5745 | D:6      | Found a runed translucent door.
  5750 | D:6      | Reached skill level 5 in Spellcasting
  5769 | D:6      | Found a basalt altar of Yredelemnul.
  6074 | D:6      | Reached skill level 1 in Air Magic
  6074 | D:6      | Reached skill level 1 in Poison Magic
  6138 | D:6      | Found a staircase to the Ecumenical Temple.
  6144 | Temple   | Entered the Ecumenical Temple
  6325 | Temple   | Became a worshipper of Kikubaaqudgha
  6375 | D:6      | Reached XP level 9. HP: 72/88 MP: 16/16
  7294 | D:7      | Found Hiczog's Magic Scroll Shoppe.
  7298 | D:7      | Bought a scroll of identify for 30 gold pieces
  8445 | D:7      | Found a burning altar of Makhleb.
  8748 | D:8      | Reached skill level 5 in Air Magic
  8748 | D:8      | Reached skill level 5 in Poison Magic
  8926 | D:8      | Reached * piety under Kikubaaqudgha
  8926 | D:8      | Received a gift from Kikubaaqudgha
  9091 | D:8      | Learned a level 2 spell: Sublimation of Blood
  9149 | D:8      | Found a staircase to the Lair.
  9523 | D:8      | Noticed a death yak
  9523 | D:8      | Noticed a death yak
  9523 | D:8      | Noticed a death yak
  9528 | D:8      | Noticed a death yak
  9529 | D:8      | Noticed a death yak
  9530 | D:8      | Noticed a death yak
  9530 | D:8      | Noticed a death yak
  9533 | D:8      | Noticed a death yak
  9844 | D:7      | Killed a death yak
  9845 | D:7      | Reached skill level 7 in Necromancy
  9845 | D:7      | Reached XP level 10. HP: 48/93 MP: 17/17
 10073 | D:7      | Found Hiczog's Magic Scroll Shoppe.
 10109 | D:7      | Found a burning altar of Makhleb.
 10622 | D:7      | Found a burning altar of Makhleb.
 10984 | D:7      | Found Hiczog's Magic Scroll Shoppe.
 11446 | D:6      | Learned a level 2 spell: Blink
 11902 | D:7      | Slain by a death yak

Illustrated notes

Levels and vault maps discovered:
D:1:      ldierk_walled_garden, layout_basic, serial_shops, shop,
          shapermc_ecumenical_altar_acropolis
D:2:      layout_basic, minmay_quadrilaterals, uniq_sigmund
D:3:      layout_rooms, mainiacjoe_overflow_divided_tiny,
          chequers_serial_rivers_small_3, minivault_24, uniq_crazy_yiuf_cottage,
          uniq_ijyb
D:4:      layout_basic, dk_noncrumbling_2, serial_bayou_pond_c
D:5:      layout_rooms, uniq_menkaure, uniq_eustachio
D:6:      layout_basic, amcnicky_altar_gilded, dk_yredelemnul_ordeal,
          minmay_temple_entry_hall
D:7:      layout_rooms, makhleb_grotto_becter, serial_shops, shop
D:8:      layout_gridville, trog_book, ashenzari_conservatory_becter,
          dpeg_lair_monsters, serial_bayou_lagoon_a, minmay_misc_feat_five
Temple:   nicolae_temple_bog_church

Skill      XL: |  1  2  3  4  5  6  7  8  9 |
---------------+----------------------------+-----
Necromancy     | 4 5 7 |  7.3
Fighting       | 5 |  5.0
Stealth        | 2 4 5 |  5.0
Maces & Flails | 3 5 |  5.0
Spellcasting   | 5 |  5.0
Air Magic      | 2 5 |  5.0
Poison Magic   | 2 5 |  5.0
Dodging        | |  1.7

Action                     |  1- 3 |  4- 6 |  7- 9 | 10-12 || total
---------------------------+-------+-------+-------+-------++-------
  Melee: Dagger            |    47 |       |       |       ||    47
         Bardiche          |     1 |       |       |       ||     1
         Morningstar       |       |     9 |    76 |     8 ||    93
         Punch             |       |       |     2 |       ||     2
  Throw: Boomerang         |       |       |     9 |       ||     9
         Dart              |       |       |     7 |     9 ||    16
         Throwing net      |       |       |     1 |     1 ||     2
   Cast: Necrotise         |    80 |    99 |   274 |    23 ||   476
         Cigotuvi's Dreadf |       |       |     5 |     1 ||     6
         Vampiric Draining |       |       |     3 |       ||     3
         Blink             |       |       |       |     5 ||     5
  Evoke: Wand              |       |       |       |     1 ||     1
    Use: Potion            |     1 |       |     3 |     2 ||     6
         Scroll            |       |       |    11 |     4 ||    15
   Stab: Held in net/web   |       |       |     1 |       ||     1
 Armour: Robe              |    22 |     9 |    41 |     2 ||    74
  Dodge: Dodged            |    32 |    11 |    91 |    16 ||   150
